 Dungeon Crawl Stone Soup version 0.20.1-1-g8b1a95d (webtiles) character file.

91 manon the Chopper (level 4, -6/39 HPs)
             Began as a Minotaur Berserker on Aug 17, 2017.
             Was a Believer of Trog.
             Killed from afar by an orc wizard (11 damage)
             ... with a magic dart
             ... on level 3 of the Dungeon.
             The game lasted 00:06:03 (1327 turns).

manon the Chopper (Minotaur Berserker)              Turns: 1327, Time: 00:06:04

Health: -6/39      AC:  7    Str: 22    XL:     4   Next: 33%
Magic:  3/3        EV: 11    Int:  5    God:    Trog [**....]
Gold:   150        SH:  0    Dex:  9    Spells: 3/3 levels left

rFire    . . .     SeeInvis .   a - +0 hand axe
rCold    . . .     Gourm    .   (no shield)
rNeg     . . .     Faith    .   n - +0 ring mail
rPois    .         Spirit   .   (helmet restricted)
rElec    .         Reflect  .   (no cloak)
rCorr    .         Harm     .   e - +1 pair of gloves
MR       ++...                  (no boots)
Stlth    ..........             (no amulet)
Regen    1.2/turn               (no ring)
MPRegen  0.1/turn               (no ring)

@: berserk cooldown, regenerating, slowed, very slow
A: retaliatory headbutt, horns 2
a: Berserk, Trog's Hand, Burn Spellbooks, Renounce Religion


You were on level 3 of the Dungeon.
You worshipped Trog.
Trog was pleased with you.
You were near starving.

You visited 1 branch of the dungeon, and saw 3 of its levels.

You collected 150 gold pieces.

Inventory:

Hand Weapons
 a - a +0 hand axe (weapon)
 i - a +0 hunting sling
Missiles
 f - 74 arrows
 k - 25 sling bullets (quivered)
Armour
 e - a +1 pair of gloves (worn)
 n - a +0 ring mail (worn)
Scrolls
 b - a scroll of teleportation {unknown}
 j - a scroll of immolation {unknown}
 l - a scroll of identify {unknown}
 m - a scroll of blinking {unknown}
Potions
 d - 3 potions of haste {unknown}
 g - a potion of ambrosia {unknown}
 h - a potion of lignification {unknown}
 o - a potion of magic {unknown}
 p - a potion of curing {unknown}
 q - a potion of berserk rage {unknown}
Comestibles
 c - 4 bread rations
 r - a meat ration


   Skills:
 - Level 3.6 Fighting
 + Level 6.2 Axes
 - Level 2.4 Armour
 - Level 2.1 Dodging


You had 3 spell levels left.
You didn't know any spells.

Dungeon Overview and Level Annotations

Branches:
Dungeon (3/15)

Altars:
Elyvilon


Innate Abilities, Weirdness & Mutations

You reflexively headbutt those who attack you in melee.
You have a pair of horns on your head.


Message History

The orc wizard closely misses you. The orc barely misses you.
The orc wizard hits you with a dagger.
You barely miss the orc wizard. Your headbutt misses the orc wizard.
The orc wizard is almost dead.
The orc hits you from afar with a trident.
The orc wizard hits you but does no damage.
The orc hits you from afar with a trident.
* * * LOW HITPOINT WARNING * * *
An orc priest comes into view. It is wielding a mace.
The orc priest shouts!
The orc wizard closely misses you.
Things that are here:
a war axe; an orc corpse You hear the rusting of a very distant drain.
The orc wizard points at you and mumbles some strange words.
The puff of frost hits you!
* * * LOW HITPOINT WARNING * * *
The orc wizard gestures at you while chanting.
The magic dart hits you!
You die...

........#
#........###........
..###...#
#.........#.[...#...
#...#
#.###...##.##.......
#...#####.#
#...#######.....
#....†....###...###
#..#..
#........##.......#
#..#..
.....#########.#...#.#
#..... #####
#.#....... ##.#..
#@#...#.#.# #....
##.#####.#.# #####
#oo....o....
#)########. #.).....#
[..####.# .##.# .. .#
.. !#


You could see an orc wizard and an orc.

Vanquished Creatures
  An orc priest (D:3)
  An adder (D:3)
  3 worms (D:2)
  A dart slug (D:1)
  2 leopard geckos (D:1)
  3 orcs (D:3)
  3 bats
  6 goblins
  2 hobgoblins (D:1)
  A quokka (D:2)
  A frilled lizard (D:3)
  7 kobolds
  7 rats
38 creatures vanquished.

Notes
Turn   | Place    | Note
-------+----------+-------------------------------------------
     0 | D:1      | manon the Minotaur Berserker began the quest for the Orb.
     0 | D:1      | Reached XP level 1. HP: 19/19 MP: 0/0
    31 | D:1      | Reached skill level 4 in Axes
    55 | D:1      | Reached XP level 2. HP: 22/26 MP: 1/1
   552 | D:2      | Reached skill level 5 in Axes
   581 | D:2      | Reached XP level 3. HP: 31/31 MP: 2/2
   806 | D:2      | Found a white marble altar of Elyvilon.
   986 | D:2      | Reached ** piety under Trog
  1310 | D:3      | Reached skill level 6 in Axes
  1310 | D:3      | Reached XP level 4. HP: 32/39 MP: 3/3
  1327 | D:3      | Killed from afar by an orc wizard

Skill      XL: |  1  2  3 |
---------------+----------+-----
Axes           | 4 5 6 |  6.2
Fighting       | |  3.6
Armour         | |  2.4
Dodging        | |  2.1

Action                   |  1- 3 |  4- 6 || total
-------------------------+-------+-------++-------
Melee: Hand axe          |    67 |    11 ||    78
       Headbutt          |     8 |     1 ||     9
Invok: Berserk           |     1 |       ||     1
       Trog's Hand       |       |     1 ||     1
  Use: Scroll            |     1 |       ||     1
 Stab: Sleeping          |     1 |       ||     1
  Eat: Chunk             |     1 |       ||     1
Armor: Animal skin       |     3 |       ||     3
       Leather armour    |     9 |       ||     9
       Ring mail         |     6 |     6 ||    12
Dodge: Dodged            |    38 |    10 ||    48
